 Dungeon Crawl Stone Soup version 0.27-a0-1149-g4505690ab0 (webtiles) character file.

Game seed: 5698582485148002831

2416 st0uf the Cruncher (level 9, -9/74 HPs)
             Began as a Purple Draconian Gladiator on May 12, 2021.
             Mangled by an orc warrior
             ... wielding a +0 glaive
              (22 damage)
             ... on level 3 of the Dungeon.
             The game lasted 00:27:10 (7247 turns).

st0uf the Cruncher (Purple Draconian Gladiator)     Turns: 7247, Time: 00:27:11

Health: -9/74      AC:  8    Str: 18    XL:     9   Next: 23%
Magic:  12/15      EV: 13    Int: 23    God:
Gold:   322        SH:  0    Dex: 12    Spells: 11/16 levels left

rFire    + . .     SeeInvis +   v - +5 quarterstaff of Imbalance {drain, rF+ Str+2 Int+4 SInv}
rCold    + . .     Faith    .   (shield currently unavailable)
rNeg     . . .     Spirit   .   (armour unavailable)
rPois    .         Reflect  .   b - +0 hat
rElec    .         Harm     .   (no cloak)
rCorr    .         Rampage  .   g - +0 pair of gloves
Will     +....                  (no boots)
Stlth    ++........             (no amulet)
HPRegen  0.22/turn              K - +6 ring of intelligence
MPRegen  0.14/turn              F - ring of protection from cold

@: confusing by touch
A: breathe power, AC +7, unfitting armour, cold-blooded
a: Breathe Dispelling Energy


You were on level 3 of the Dungeon.
You visited 2 branches of the dungeon, and saw 7 of its levels.

You collected 322 gold pieces.

Inventory:

Hand Weapons
 a - a +0 quarterstaff
 f - a +2 dagger of venom
 v - the +5 quarterstaff of Imbalance (weapon) {drain, rF+ Str+2 Int+4 SInv}
   (You found it on level 4 of the Dungeon)

   A truly terrible weapon, it drains the life of those it strikes.
   It affects your strength (+2).
   It affects your intelligence (+4).
   It protects you from fire.
   It lets you see invisible.
 I - the +8 spear "Keustraun" {antimagic, rF+ rC+ rCorr}
   (You found it on level 6 of the Dungeon)

   It reduces the magical energy of the wielder, and disrupts the spells and
   magical abilities of those hit.
   Natural abilities and divine invocations are not affected.
   It protects you from fire.
   It protects you from cold.
   It protects you from acid and corrosion.
Missiles
 c - 5 throwing nets
 p - 162 stones (quivered)
Armour
 b - a +0 hat (worn)
 g - a +0 pair of gloves (worn)
 r - a +0 buckler
Jewellery
 B - a ring of flight
 F - a ring of protection from cold (right hand)
 K - a +6 ring of intelligence (left hand)
Wands
 t - a wand of digging (6)
 A - a wand of flame (34)
 H - a wand of paralysis (10)
 J - a wand of iceblast (8)
Scrolls
 d - a scroll of magic mapping {unknown}
 e - 3 scrolls of teleportation {unknown}
 j - 2 scrolls of brand weapon {unknown}
 k - 5 scrolls of identify {unknown}
 l - 2 scrolls of summoning {unknown}
 m - 3 scrolls of enchant weapon {unknown}
 n - a scroll of noise {unknown}
 o - 3 scrolls of immolation {unknown}
 s - a scroll of enchant armour {unknown}
 u - a scroll of fear {unknown}
 w - a scroll of holy word {unknown}
 D - a scroll of fog {unknown}
Potions
 h - 3 potions of haste {unknown}
 i - 3 potions of degeneration {unknown}
 q - 4 potions of curing {unknown}
 x - a potion of resistance {unknown}
 z - a potion of attraction {unknown}
 C - a potion of magic {unknown}
 E - a potion of mutation {unknown}
 L - a potion of might {unknown}
Miscellaneous
 y - a phantom mirror
 G - a condenser vane


   Skills:
 + Level 5.5 Fighting
 + Level 8.4 Staves
 + Level 2.2 Throwing
 + Level 5.0 Dodging
 + Level 3.5 Stealth
 * Level 4.0 Spellcasting
 * Level 4.4 Hexes


You had 11 spell levels left.
You knew the following spells:

 Your Spells              Type           Power      Damage    Failure   Level
a - Slow                  Hex            24%        N/A       2%          2
b - Confusing Touch       Hex            24%        N/A       4%          3

Your spell library contained the following spells:

 Spells                   Type           Power      Damage    Failure   Level
 Corona                   Hex            26%        N/A       1%          1
 Tukima's Dance           Hex            24%        N/A       4%          3
 Ensorcelled Hibernation  Hex/Ice        28%        N/A       6%          2
 Animate Skeleton         Necr           8%         N/A       11%         1
 Beastly Appendage        Tmut           8%         N/A       11%         1
 Magic Dart               Conj           16%        1d3       11%         1
 Pain                     Necr           16%        1d4       11%         1
 Sting                    Tmut/Pois      16%        1d3       11%         1
 Dazzling Flash           Conj/Hex       28%        N/A       13%         3
 Inner Flame              Hex/Fire       14%        N/A       13%         3
 Portal Projectile        Hex/Tloc       28%        N/A       13%         3
 Blink                    Tloc           N/A        N/A       16%         2
 Call Imp                 Summ           4%         N/A       16%         2
 Poisonous Vapours        Pois/Air       8%         N/A       16%         2
 Wereblood                Tmut           4%         N/A       16%         2
 Cause Fear               Hex            12%        N/A       17%         4
 Conjure Flame            Conj/Fire      4%         6-21      30%         3
 Ignite Poison            Fire/Tmut/Pois 4%         N/A       30%         3
 Mephitic Cloud           Conj/Pois/Air  4%         N/A       30%         3
 Spider Form              Tmut/Pois      2%         N/A       30%         3
 Vampiric Draining        Necr           2%         2d6       30%         3
 Leda's Liquefaction      Hex/Erth       7%         N/A       38%         4
 Animate Dead             Necr           2%         N/A       71%         4
 Ice Form                 Ice/Tmut       4%         N/A       71%         4
 Olgreb's Toxic Radiance  Pois           4%         N/A       71%         4
 Agony                    Necr           4%         N/A       96%         5
 Hydra Form               Tmut           2%         N/A       96%         5
 Freezing Cloud           Conj/Ice/Air   2%         6-21      100%        6


Dungeon Overview and Level Annotations

Branches:
Dungeon (6/15)             Temple (1/1) D:6

Altars:
Cheibriados
Dithmenos
Elyvilon
Fedhas
Gozag
Hepliaklqana
Kikubaaqudgha
Makhleb
Nemelex Xobeh
Qazlal
Ru
Sif Muna
Trog
Uskayaw
Wu Jian
Xom
Yredelemnul
Zin
The Shining One

Shops:
D:4 =

Annotations:
D:4 2 runed translucent doors
D:5 3 runed translucent doors, exclusion: ogre, Anon1729's ghost, amateur OpGl
D:6 exclusions: 3 orcs and orc warrior


Innate Abilities, Weirdness & Mutations

You can breathe bolts of dispelling energy.
Your rich purple scales are hard. (AC +7)
You cannot fit into any form of body armour.
You are cold-blooded and may be slowed by cold attacks.


Message History

Okay, then.
You climb upwards.
There is a stone staircase leading down here.
The orc shouts!
You hear a shout!
The orc hits you but does no damage.
You hear a shout!
You sock the orc!
You kill the orc!
You hear a shout!
There is a stone staircase leading down here.
You hit the orc wizard. You drain the orc wizard.
You kill the orc wizard!
Your Dodging skill increases to level 5!
Things that are here:
a +0 dagger; a +0 robe; an orc corpse The orc warrior hits you with a +0 glaive!
You closely miss the orc warrior. The orc warrior misses you.
You hit the orc warrior.
You tail-slap the orc warrior, but do no damage.
The orc warrior is moderately wounded.
The orc warrior hits you with a +0 glaive!
The orc hits you with a +0 club.
You barely miss the orc warrior.
The orc warrior is moderately wounded.
The orc warrior hits you with a +0 glaive!
The orc closely misses you.
You barely miss the orc warrior.
The orc warrior is moderately wounded.
The orc warrior misses you.
You barely miss the orc warrior.
You tail-slap the orc warrior, but do no damage.
The orc warrior is moderately wounded.
The orc hits you with a +0 club.
The orc warrior hits you with a +0 glaive!!
* * * LOW HITPOINT WARNING * * *
Casting: Confusing Touch (dangerous; 4% risk of failure)
Confirm with . or Enter, or press ? or * to list all spells.
Your hands begin to glow red.
The orc hits you but does no damage.
The orc warrior hits you with a +0 glaive!!
You die...

#.# #.# #......##.
#.###.###########.##.
#.#...#.......# #....
############.#.....#####.# ##...
#.............<....'...#.# #.#.
###.#####..#.##....###.#.# #.##
#..........#.#.....# #.#.####...
##########...#..)..###.#....≈≈##
####..@#>........≈≈....
#....oo#.#)......≈_.≈.#
#.#....#.#.......≈≈≈.##
#.#....#.#####..≈..≈≈#
#.#....#.###########.##
#.#....#...............
#......#########.......
#...........# #.####.#
#...#.#####.# #.# #..


You could see an orc warrior and an orc.

Vanquished Creatures
  A yak (D:4)
  2 steam dragons (D:5)
  Menkaure (D:6)
  2 water moccasins
  2 black bears (D:4)
  An ice beast (D:6)
  A necrophage (D:4)
  3 ogres (D:5)
  3 phantoms
  2 bullfrogs (D:4)
  2 wyvern zombies (D:6)
  A wyvern skeleton (D:5)
  A howler monkey (D:6)
  2 bullfrog zombies
  A centaur skeleton (D:5)
  An orc priest (D:5)
  A jelly (D:4)
  3 hounds (D:6)
  An iguana (D:5)
  2 orc wizards
  A killer bee zombie (D:6)
  2 hound skeletons (D:4)
  3 adders
  An ufetubus (D:4)
  A worm (D:2)
  4 dart slugs
  11 orcs
  9 ball pythons
  4 bats
  A bat zombie (D:2)
  10 endoplasms
  5 giant cockroaches
  7 goblins
  9 hobgoblins
  3 jackals
  4 quokkas
  5 frilled lizards
  9 kobolds
  A quokka zombie (D:4)
  5 rats
128 creatures vanquished.

Vanquished Creatures (others)
  11 fungi (D:5)
11 creatures vanquished.

Grand Total: 139 creatures vanquished

Notes
Turn   | Place    | Note
-------+----------+-------------------------------------------
     0 | D:1      | st0uf the Draconian Gladiator began the quest for the Orb.
     0 | D:1      | Reached XP level 1. HP: 17/17 MP: 1/1
   133 | D:1      | Reached XP level 2. HP: 25/25 MP: 2/2
   346 | D:1      | Found a faded altar of an unknown god.
   767 | D:2      | Reached XP level 3. HP: 24/30 MP: 3/3
  1727 | D:2      | Reached skill level 4 in Staves
  1727 | D:2      | Reached XP level 4. HP: 37/37 MP: 4/4
  2210 | D:3      | Found a blossoming altar of Fedhas.
  2499 | D:3      | Noticed an orc warrior
  2571 | D:4      | Found a hide-covered altar of Uskayaw.
  2571 | D:4      | Found a basalt altar of Yredelemnul.
  2573 | D:4      | Found a sparkling altar of Nemelex Xobeh.
  2573 | D:4      | Found a shadowy altar of Dithmenos.
  2576 | D:4      | Identified the +5 quarterstaff of Imbalance {drain, rF+
                  | Str+2 Int+4 SInv}
  2606 | D:4      | Found a large runed translucent door.
  2606 | D:4      | Found a large runed translucent door.
  2607 | D:4      | Noticed a black bear
  2608 | D:4      | Noticed a yak
  2609 | D:4      | Noticed a bullfrog
  2615 | D:4      | Found a large runed translucent door.
  2615 | D:4      | Found a large runed translucent door.
  3175 | D:4      | Found Qag Pyra's Jewellery Emporium.
  3183 | D:4      | Noticed a necrophage
  3188 | D:4      | Killed a necrophage
  3189 | D:4      | Reached skill level 1 in Stealth
  3189 | D:4      | Reached XP level 5. HP: 36/45 MP: 5/5
  3302 | D:4      | Reached skill level 5 in Staves
  3596 | D:4      | Reached XP level 6. HP: 50/51 MP: 6/6
  3866 | D:4      | Reached skill level 6 in Staves
  3876 | D:4      | Your scales start taking on a rich purple colour.
  3876 | D:4      | Reached XP level 7. HP: 52/59 MP: 7/7
  3879 | D:4      | Learned a level 2 spell: Slow
  4081 | D:5      | Entered Level 5 of the Dungeon
  4094 | D:5      | Reached skill level 1 in Spellcasting
  4094 | D:5      | Reached skill level 1 in Hexes
  4376 | D:5      | Found a runed translucent gate.
  4376 | D:5      | Found a runed translucent gate.
  4377 | D:5      | Found a runed translucent gate.
  4379 | D:5      | Noticed Anon1729's ghost (amateur OpGl)
  4532 | D:5      | Reached skill level 7 in Staves
  4532 | D:5      | Reached XP level 8. HP: 67/67 MP: 9/11
  4606 | D:5      | Learned a level 3 spell: Confusing Touch
  5407 | D:4      | Reached skill level 5 in Fighting
  6387 | D:6      | Reached skill level 8 in Staves
  6387 | D:6      | Reached XP level 9. HP: 74/74 MP: 11/14
  6449 | D:6      | Noticed Menkaure
  6456 | D:6      | Killed Menkaure
  6696 | D:6      | Found a staircase to the Ecumenical Temple.
  6705 | Temple   | Entered the Ecumenical Temple
  6945 | D:6      | Identified the +8 spear "Keustraun" {antimagic, rF+ rC+
                  | rCorr}
  7240 | D:3      | Reached skill level 5 in Dodging
  7247 | D:3      | Mangled by an orc warrior

Illustrated notes

Levels and vault maps discovered:
D:1:      onia_arrival_handbag, layout_basic,
          hellmonk_ecumenical_altar_lost_god, serial_bayou_pond_c
D:2:      minmay_razor_zed, layout_loops_ring, grunt_ministairs_4,
          minmay_mini_jars
D:3:      layout_basic, fedhas_altar_2
D:4:      minmay_chambers_of_fours, layout_loops_ring,
          grunt_temple_overflow_open, serial_shops, shop,
          minmay_hollow_rounded_squares
D:5:      kennysheep_steamy, layout_layer_cave, gammafunk_ghost_nasty_kobolds,
          minmay_misc_feat_tower
D:6:      layout_loops_ring, minmay_temple_entry_glassed_door, uniq_menkaure
Temple:   eino_temple_lava

Skill      XL: |  1  2  3  4  5  6  7  8  9 |
---------------+----------------------------+-----
Dodging        | 3 4 5 |  5.0
Staves         | 4 5 6 7 8 |  8.4
Fighting       | 3 4 5 |  5.5
Stealth        | 1 2 3 |  3.5
Spellcasting   | 2 3 4 |  4.0
Hexes          | 2 4 |  4.4
Throwing       | 2 |  2.2

Action                   |  1- 3 |  4- 6 |  7- 9 || total
-------------------------+-------+-------+-------++-------
Melee: Quarterstaff      |   152 |   117 |   140 ||   409
       Tailslap          |    14 |    18 |    22 ||    54
Throw: Stone             |       |       |     9 ||     9
 Cast: Confusing Touch   |       |       |     6 ||     6
 Abil: Breathe Dispellin |       |       |     1 ||     1
 Stab: Sleeping          |     2 |     3 |     2 ||     7
       Distracted        |     1 |     1 |     1 ||     3
Armor: Skin              |    42 |    31 |    38 ||   111
Dodge: Dodged            |   108 |    69 |    69 ||   246

Table legend: (Time is in decaauts)
 A = Elapsed time spent in this place.
 B = Non-inter-level travel time spent in this place.
 C = Inter-level travel time spent in this place.
 D = Time resting spent in this place.
 E = Time spent auto-exploring this place.
 F = Levels seen in this place.
 G = Mean time per level.
                   A        B        C        D        E       F      G
               +--------+--------+--------+--------+--------+-----+--------+
         Total |   7269 |   6839 |    430 |    970 |   4241 |   7 | 1038.4 |
       Dungeon |   7227 |   6803 |    424 |    970 |   4241 |   6 | 1204.5 |
        Temple |     42 |     36 |      6 |      0 |      0 |   1 |   42.0 |
               +--------+--------+--------+--------+--------+-----+--------+

Top non-repeatable levels by time:
     D:5: 2080 daAuts
     D:2: 1594 daAuts
     D:4: 1264 daAuts
     D:6: 826 daAuts
     D:3: 785 daAuts
     D:1: 675 daAuts
  Temple: 42 daAuts
